 Dungeon Crawl Stone Soup version 0.29-a0-872-g797fff5ad1 (webtiles) character file.

Game seed: 14618716366312601940

57 wrndlr the Vexing (level 3, -1/16 HPs)
             Began as a Spriggan Enchanter on July 18, 2022.
             Succumbed to an adder's poison
             ... on level 2 of the Dungeon.
             The game lasted 00:03:32 (1910 turns).

wrndlr the Vexing (Spriggan Enchanter)              Turns: 1910, Time: 00:03:33

Health: -1/16      AC:  2    Str:  6    XL:     3   Next: 73%
Magic:  9/9        EV: 17    Int: 16    God:
Gold:   28         SH:  0    Dex: 15    Spells: 2/10 levels left

rFire   . . .      SeeInvis +   e - +5 hand axe of Tuyqiw {flame, Stlth+}
rCold   . . .      Faith    .   (no shield)
rNeg    . . .      Spirit   .   b - +0 robe
rPois   .          Reflect  .   (helmet restricted)
rElec   .          Harm     .   (no cloak)
rCorr   .          Rampage  .   (gloves unavailable)
Will    .....                   (boots unavailable)
Stlth   ++++......              (no amulet)
HPRegen 0.05/turn               (no ring)
MPRegen 0.11/turn               (no ring)

@: lethally poisoned (-1 -> -8), very quick
A: very small, no large weapons, unfitting armour, see invisible, speed 3
a: no special abilities


You were on level 2 of the Dungeon.
You visited 1 branch of the dungeon, and saw 3 of its levels.

You collected 28 gold pieces.

Inventory:

Hand Weapons
 a - a +1 dagger
 e - the +5 hand axe of Tuyqiw (weapon) {flame, Stlth+}
   (You found it on level 3 of the Dungeon)

   It burns those it strikes, dealing additional fire damage.
   Big, fiery blades are also staple armaments of hydra-hunters.
   Stlth:     It makes you more stealthy.
Armour
 b - a +0 robe (worn)
Scrolls
 d - a scroll of poison {unknown}
 f - 3 scrolls of immolation {unknown}
 g - 3 scrolls of identify {unknown}
 h - a scroll of magic mapping {unknown}
 i - a scroll of teleportation {unknown}
 j - a scroll of blinking {unknown}
 l - a scroll of noise {unknown}
 m - a scroll of vulnerability {unknown}
Potions
 c - 2 potions of invisibility
 k - a potion of haste {unknown}
 n - a potion of curing {unknown}
 o - a potion of brilliance {unknown}


   Skills:
 - Level 1.1 Short Blades
 - Level 2.6 Dodging
 - Level 4.4 Stealth
 + Level 4.1 Spellcasting
 + Level 4.8 Hexes


You had 2 spell levels left.
You knew the following spells:

 Your Spells              Type           Power      Damage    Failure   Level
a - Ensorcelled Hibernat  Hex/Ice        22%        N/A       10%         2
b - Tukima's Dance        Hex            18%        N/A       7%          3
d - Confusing Touch       Hex            18%        N/A       7%          3

Your spell library contained the following spells:

 Spells                   Type           Power      Damage    Failure   Level
 Summon Small Mammal      Summ           12%        N/A       17%         1
 Dazzling Flash           Conj/Hex       22%        N/A       19%         3
 Summon Guardian Golem    Hex/Summ       11%        N/A       19%         3
 Call Canine Familiar     Summ           3%         N/A       45%         3


Dungeon Overview and Level Annotations

Branches:
Dungeon (3/15)

Altars:

Shops:
D:3 *


Innate Abilities, Weirdness & Mutations

You are very small and have problems with some larger weapons.
You are too small for most types of armour.
You have supernaturally acute eyesight. (SInv)
You cover ground extremely quickly. (Speed+++)


Message History

n - an amethyst potion
o - a dark potion You see here a bat corpse.
You see here a rat corpse.
Found a sling.
Done exploring.
Done exploring.
Done exploring.
Done exploring.
(D) Dungeon
Where to? (? - help)
You see here a +0 sling.
There is a stone staircase leading down here.
You climb downwards.
There is a stone staircase leading up here.
A hobgoblin is nearby!
Unknown command.
The helpless hobgoblin fails to defend itself.
You slash the hobgoblin! You burn the hobgoblin.
You kill the hobgoblin!
No target in view!
No target in view!
The adder hisses angrily.
The adder bites you.
You are poisoned.
The adder poisons you!
You barely miss the adder.
You feel sick. The adder misses you.
You barely miss the adder.
You feel sick. The adder bites you but does no damage. The adder bites you.
You are too injured to fight recklessly!
You are too injured to fight recklessly!
You are too injured to fight recklessly!
Unknown command.
You closely miss the adder.
You feel sick. The adder bites you.
* * * LOW HITPOINT WARNING * * *
You are lethally poisoned!
The adder poisons you! The adder bites you.
* * * LOW HITPOINT WARNING * * *
You closely miss the adder.
You die...

#...## .....## ......# ......# .
#### ......# ..#########..#
.....######
.......<..#..####...........#####
..##.####.......@S.....# #.>....
##..######...........# #######
#.....##.....(.......#
#....#......#.....#########
.#.##........#.............#
###.#S##.......####..####.###.###
....#.###.............(<รท........
....#.#........#.................
....#...##.....#........###.##...


You could see an adder.

Vanquished Creatures
  3 ball pythons
  7 bats
  8 endoplasms
  A giant cockroach (D:1)
  2 goblins
  9 hobgoblins
  5 jackals
  3 kobolds
  3 quokkas (D:1)
  A frilled lizard (D:1)
  6 rats
48 creatures vanquished.

Notes
Turn   | Place    | Note
-------+----------+-------------------------------------------
     0 | D:1      | wrndlr the Spriggan Enchanter began the quest for the Orb.
     0 | D:1      | Reached XP level 1. HP: 9/9 MP: 5/5
   335 | D:3      | Identified the +5 hand axe of Tuyqiw {flame, Stlth+}
   577 | D:3      | Found Fayghel's Assorted Antiques.
   660 | D:3      | Reached XP level 2. HP: 13/13 MP: 7/7
   663 | D:3      | Learned a level 2 spell: Ensorcelled Hibernation
  1187 | D:1      | Reached XP level 3. HP: 16/16 MP: 9/9
  1191 | D:1      | Learned a level 3 spell: Tukima's Dance
  1195 | D:1      | Learned a level 3 spell: Confusing Touch
  1910 | D:2      | Succumbed to an adder's poison

Illustrated notes

Levels and vault maps discovered:
D:1:      heliophobic_arrival_battle_scene, layout_loops_ring
D:2:      layout_rooms, nicolae_ecumenical_snake_handling, basic_altar,
          minmay_misc_feat_columns, hex_medium
D:3:      layout_basic, old_standard_altar, serial_shops,
          nicolae_shop_overgrown_old_shop, minmay_misc_feat_diagonals,
          minmay_lizard_king

Skill      XL: |  1  2  3 |
---------------+----------+-----
Spellcasting   | 3 4 |  4.1
Hexes          | 4 |  4.8
Short Blades   | |  1.1
Dodging        | |  2.6
Stealth        | |  4.4

Action                   || total
-------------------------++-------
Melee: Dagger            ||    20
       Hand axe          ||    72
  Use: Potion            ||     1
 Stab: Sleeping          ||    11
       Distracted        ||     1
Armor: Robe              ||    10
Dodge: Dodged            ||    69

Table legend: (Time is in decaauts)
 A = Elapsed time spent in this place.
 B = Non-inter-level travel time spent in this place.
 C = Inter-level travel time spent in this place.
 D = Time resting spent in this place.
 E = Time spent auto-exploring this place.
 F = Levels seen in this place.
 G = Mean time per level.
                   A        B        C        D        E       F      G
               +--------+--------+--------+--------+--------+-----+--------+
         Total |   1522 |   1503 |     19 |    386 |    737 |   3 |  507.3 |
       Dungeon |   1522 |   1503 |     19 |    386 |    737 |   3 |  507.3 |
               +--------+--------+--------+--------+--------+-----+--------+

Top non-repeatable levels by time:
     D:1: 961 daAuts
     D:3: 473 daAuts
     D:2: 87 daAuts
